SL
NEW AMSTERDAM REPUBLICS @ PHOENIX HOTSPUR
09/29/2020
 
TOP OF THE 1ST
New Amsterdam Republics batting - Pitching for Phoenix Hotspur : RHP Pedro Valdéz
Pitching: RHP Pedro Valdéz
Batting: RHB Carlos Ortega 0-0: Ball
1-0: Swinging Strike
1-1: Ball
2-1: SINGLE (Line Drive, 7S)
Batting: RHB Doug Reed 0-0: Grounds into double play, 2-4-3 (Groundball, 2R)
Batting: RHB Júlio Maldonado 0-0: Ball
1-0: Swinging Strike
1-1: Ball
2-1: Ball
3-1: SINGLE (Line Drive, 6)
Batting: LHB Steve Ingram 0-0: Called Strike
0-1: Called Strike
0-2: Ball
1-2: Fielders Choice at 2nd, U4 (Groundball, 4M)
Top of the 1st over - 0 run(s), 2 hit(s), 0 error(s), 1 left on base; New Amsterdam 0 - Phoenix 0
BOTTOM OF THE 1ST
Phoenix Hotspur batting - Pitching for New Amsterdam Republics : RHP Andy Coker
Pitching: RHP Andy Coker
Batting: RHB Chriss Mann 0-0: Foul Ball, location: 2F
0-1: Ground out 6-3 (Groundball, 6M)
Pitching: RHP Decheng Sun
Batting: LHB Earl Ellis 0-0: Called Strike
0-1: Ball
1-1: SINGLE (Groundball, 4MD)
Batting: RHB Terry Armstrong 0-0: Fly out, F8 (Flyball, 8RM)
Batting: LHB Mike Pace 0-0: Swinging Strike
0-1: Ball
1-1: Ball
2-1: Foul Ball, location: 2F
2-2: Foul Ball, location: 2F
2-2: Fly out, F2 (Popup, 2RF)
Bottom of the 1st over - 0 run(s), 1 hit(s), 0 error(s), 1 left on base; New Amsterdam 0 - Phoenix 0
TOP OF THE 2ND
New Amsterdam Republics batting - Pitching for Phoenix Hotspur : RHP Pedro Valdéz
Batting: RHB Takeru Sanu 0-0: Swinging Strike
0-1: Foul Ball, location: 2F
0-2: Ball
1-2: Foul Ball, location: 2F
1-2: Ball
2-2: Strikes out swinging
Batting: RHB Hank Wilder 0-0: Ball
1-0: Ground out 5-3 (Groundball, 5)
Batting: RHB Tim Robinson 0-0: Called Strike
0-1: Ball
1-1: Swinging Strike
1-2: Strikes out looking
Top of the 2nd over - 0 run(s), 0 hit(s), 0 error(s), 0 left on base; New Amsterdam 0 - Phoenix 0
BOTTOM OF THE 2ND
Phoenix Hotspur batting - Pitching for New Amsterdam Republics : RHP Decheng Sun
Batting: RHB Raúl González 0-0: Foul Ball, location: 2F
0-1: Ground out 4-3 (Groundball, 4)
Batting: LHB Curt Webb 0-0: Ball
1-0: Swinging Strike
1-1: SOLO HOME RUN (Flyball, 89XD), Distance : 435 ft
Batting: RHB Donald Thompson 0-0: DOUBLE (Line Drive, 9LS)
Batting: LHB Ricardo Miranda 0-0: Called Strike
0-1: DOUBLE (Flyball, 8LXD)
Donald Thompson scores
Batting: RHB Pedro Valdéz 0-0: Called Strike
0-1: Ball
1-1: Called Strike
1-2: Ball
2-2: Fly out, F3 (Popup, 3DF)
Batting: RHB Chriss Mann 0-0: Called Strike
0-1: Swinging Strike
0-2: Foul Ball, location: 2F
0-2: Strikes out looking
Bottom of the 2nd over - 2 run(s), 3 hit(s), 0 error(s), 1 left on base; New Amsterdam 0 - Phoenix 2
TOP OF THE 3RD
New Amsterdam Republics batting - Pitching for Phoenix Hotspur : RHP Pedro Valdéz
Batting: RHB Noel Livingston 0-0: Ground out 5-3 (Groundball, 5S)
Batting: RHB Decheng Sun 0-0: Called Strike
0-1: Swinging Strike
0-2: Ball
1-2: Ball
2-2: Ball
3-2: Strikes out looking
Batting: RHB Carlos Ortega 0-0: Called Strike
0-1: Ball
1-1: Called Strike
1-2: Foul Ball, location: 2F
1-2: Strikes out looking
Top of the 3rd over - 0 run(s), 0 hit(s), 0 error(s), 0 left on base; New Amsterdam 0 - Phoenix 2
BOTTOM OF THE 3RD
Phoenix Hotspur batting - Pitching for New Amsterdam Republics : RHP Decheng Sun
Batting: LHB Earl Ellis 0-0: Foul Ball, location: 2F
0-1: Called Strike
0-2: Ball
1-2: Strikes out swinging
Batting: RHB Terry Armstrong 0-0: Ground out 1-3 (Groundball, 23)
Batting: LHB Mike Pace 0-0: Ball
1-0: Ball
2-0: Called Strike
2-1: Called Strike
2-2: Foul Ball, location: 2F
2-2: Ball
3-2: Foul Ball, location: 2F
3-2: Foul Ball, location: 2F
3-2: Fly out, F5 (Popup, 5F)
Bottom of the 3rd over - 0 run(s), 0 hit(s), 0 error(s), 0 left on base; New Amsterdam 0 - Phoenix 2
TOP OF THE 4TH
New Amsterdam Republics batting - Pitching for Phoenix Hotspur : RHP Pedro Valdéz
Batting: RHB Doug Reed 0-0: Foul Ball, location: 2F
0-1: Ball
1-1: Ball
2-1: Fly out, F8 (Flyball, 8LS)
Batting: RHB Júlio Maldonado 0-0: Ball
1-0: Ball
2-0: Called Strike
2-1: Called Strike
2-2: Ball
3-2: Base on Balls
Batting: LHB Steve Ingram 0-0: Called Strike
0-1: Ball
1-1: Swinging Strike
1-2: Strikes out looking
Batting: RHB Takeru Sanu 0-0: Ball
1-0: Ball
2-0: Called Strike
2-1: Ground out 5-3 (Groundball, 5S)
Top of the 4th over - 0 run(s), 0 hit(s), 0 error(s), 1 left on base; New Amsterdam 0 - Phoenix 2
BOTTOM OF THE 4TH
Phoenix Hotspur batting - Pitching for New Amsterdam Republics : RHP Decheng Sun
Pitching: RHP Jung-hoon Kim
Batting: RHB Raúl González 0-0: Ball
1-0: Ball
2-0: Called Strike
2-1: Ball
3-1: Base on Balls
Batting: LHB Curt Webb 0-0: SINGLE (Line Drive, 4D)
Raúl González to second
Batting: RHB Donald Thompson 0-0: Ball
1-0: Ball
2-0: Ball
3-0: Base on Balls
Raúl González to third
Curt Webb to second
Batting: LHB Ricardo Miranda 0-0: Called Strike
0-1: Swinging Strike
0-2: Fly out, F8 (Line Drive, 8LM)
Runner from 3rd tags up, SCORES, throw made
Pinch Hitting: RHB Phil Johnston 0-0: Ball
1-0: Grounds into double play, 5-4-3 (Groundball, 5)
Bottom of the 4th over - 1 run(s), 1 hit(s), 0 error(s), 1 left on base; New Amsterdam 0 - Phoenix 3
TOP OF THE 5TH
New Amsterdam Republics batting - Pitching for Phoenix Hotspur : RHP Pedro Valdéz
Pitching: RHP Craig Gasnier
Batting: RHB Hank Wilder 0-0: Called Strike
0-1: Ball
1-1: Ball
2-1: Swinging Strike
2-2: Strikes out swinging
Batting: RHB Tim Robinson 0-0: Called Strike
0-1: Ball
1-1: Swinging Strike
1-2: Ball
2-2: Strikes out looking
Batting: RHB Noel Livingston 0-0: Ball
1-0: Ground out 6-3 (Groundball, 6M)
Top of the 5th over - 0 run(s), 0 hit(s), 0 error(s), 0 left on base; New Amsterdam 0 - Phoenix 3
BOTTOM OF THE 5TH
Phoenix Hotspur batting - Pitching for New Amsterdam Republics : RHP Jung-hoon Kim
Batting: RHB Chriss Mann 0-0: Called Strike
0-1: Ball
1-1: Foul Ball, location: 2F
1-2: Ball
2-2: Ball
3-2: Foul Ball, location: 2F
3-2: SINGLE (Line Drive, 6MD)
Batting: LHB Earl Ellis 0-0: Called Strike
0-1: Fly out, F8 (Flyball, 8RXD)
Batting: RHB Terry Armstrong 0-0: Foul Ball, location: 2F
0-1: Ball
1-1: Called Strike
1-2: Ball
2-2: SINGLE (Line Drive, 8RS)
Chriss Mann to second
Runner from 2nd tries for 3rd, SAFE, no throw or cutoff
Batting: LHB Mike Pace 0-0: Ball
1-0: Called Strike
1-1: Swinging Strike
1-2: Fly out, F7 (Flyball, 7LM)
Runner from 3rd tags up, SCORES, no throw
Batting: RHB Raúl González 0-0: Ball
1-0: Called Strike
1-1: Ball
2-1: Ball
3-1: Foul Ball, location: 2F
3-2: Foul Ball, location: 2F
3-2: DOUBLE (Flyball, 7LD)
Terry Armstrong to third
Terry Armstrong scores
Batting: LHB Curt Webb 0-0: Ball
1-0: Ball
2-0: Swinging Strike
2-1: Ball
Wild Pitch!
Raúl González to third
3-1: SINGLE (Groundball, 5D)
Raúl González scores
Pitching: RHP Ramón Lara
Batting: RHB Donald Thompson 0-0: Ball
1-0: SINGLE (Flyball, 9LS)
Curt Webb to second
Runner from 2nd tries for 3rd, SAFE, throw made to third
Batting: LHB Ricardo Miranda 0-0: Ball
1-0: Ball
2-0: Ball
3-0: Base on Balls
Donald Thompson to second
Pinch Hitting: RHB Phil Terry 0-0: Ball
1-0: Foul Ball, location: 2F
1-1: Foul Ball, location: 2F
1-2: Ball
2-2: Strikes out swinging
Bottom of the 5th over - 3 run(s), 5 hit(s), 0 error(s), 3 left on base; New Amsterdam 0 - Phoenix 6
TOP OF THE 6TH
New Amsterdam Republics batting - Pitching for Phoenix Hotspur : RHP Craig Gasnier
Pitching: RHP Craig Moody
Pinch Hitting: RHB Ronald Shelton 0-0: Called Strike
0-1: Ball
1-1: Ball
2-1: Foul Ball, location: 2F
2-2: Strikes out swinging
Batting: RHB Carlos Ortega 0-0: Ball
1-0: Foul Ball, location: 2F
1-1: Foul Ball, location: 2F
1-2: Strikes out swinging
Batting: RHB Doug Reed 0-0: SINGLE (Groundball, 56D)
Batting: RHB Júlio Maldonado 0-0: Called Strike
0-1: Ball
1-1: Ball
2-1: Ball
3-1: Called Strike
3-2: Foul Ball, location: 2F
3-2: Foul Ball, location: 2F
3-2: Fly out, F8 (Flyball, 8LS)
Top of the 6th over - 0 run(s), 1 hit(s), 0 error(s), 1 left on base; New Amsterdam 0 - Phoenix 6
BOTTOM OF THE 6TH
Phoenix Hotspur batting - Pitching for New Amsterdam Republics : RHP Ramón Lara
Pitching: LHP Jeff Hale
Batting: RHB Chriss Mann 0-0: Ball
1-0: Ball
2-0: Foul Ball, location: 2F
2-1: Ball
3-1: Called Strike
3-2: Foul Ball, location: 2F
3-2: Foul Ball, location: 2F
3-2: Ground out 6-3 (Groundball, 6M)
Batting: LHB Earl Ellis 0-0: Ball
1-0: Ball
2-0: Swinging Strike
2-1: Swinging Strike
2-2: Ball
3-2: Foul Ball, location: 2F
3-2: Foul Ball, location: 2F
3-2: Ground out 4-3 (Groundball, 4)
Batting: RHB Terry Armstrong 0-0: Foul Ball, location: 2F
0-1: Ground out 1-3 (Groundball, 25)
Bottom of the 6th over - 0 run(s), 0 hit(s), 0 error(s), 0 left on base; New Amsterdam 0 - Phoenix 6
TOP OF THE 7TH
New Amsterdam Republics batting - Pitching for Phoenix Hotspur : RHP Craig Moody
Batting: LHB Steve Ingram 0-0: Fly out, F8 (Line Drive, 8RS)
Batting: RHB Takeru Sanu 0-0: Ball
1-0: Called Strike
1-1: Called Strike
1-2: Foul Ball, location: 2F
1-2: Ball
2-2: Strikes out swinging
Batting: RHB Hank Wilder 0-0: Ball
1-0: Fly out, F8 (Flyball, 8LS)
Top of the 7th over - 0 run(s), 0 hit(s), 0 error(s), 0 left on base; New Amsterdam 0 - Phoenix 6
BOTTOM OF THE 7TH
Phoenix Hotspur batting - Pitching for New Amsterdam Republics : LHP Jeff Hale
Batting: LHB Mike Pace 0-0: SINGLE (Groundball, 5D)
Batting: RHB Raúl González 0-0: Ball
1-0: Ball
2-0: Foul Ball, location: 2F
2-1: Ball
3-1: Base on Balls
Mike Pace to second
Batting: LHB Curt Webb 0-0: Ball
1-0: Called Strike
1-1: Foul Ball, location: 2F
1-2: Strikes out swinging
Batting: RHB Donald Thompson 0-0: Called Strike
0-1: Called Strike
0-2: Ball
1-2: Ball
2-2: Foul Ball, location: 2F
2-2: Ball
3-2: Base on Balls
Mike Pace to third
Raúl González to second
Batting: LHB Ricardo Miranda 0-0: Called Strike
0-1: Ball
1-1: Called Strike
1-2: Ball
2-2: DOUBLE (Line Drive, 8LM)
Mike Pace scores
Raúl González scores
Donald Thompson to third
Pinch Hitting: RHB Daniel Cooper 0-0: Ground out 1-3 (Groundball, 13)
Batting: RHB Chriss Mann 0-0: Called Strike
0-1: Called Strike
0-2: Ball
1-2: Strikes out looking
Bottom of the 7th over - 2 run(s), 2 hit(s), 0 error(s), 2 left on base; New Amsterdam 0 - Phoenix 8
TOP OF THE 8TH
New Amsterdam Republics batting - Pitching for Phoenix Hotspur : RHP Craig Moody
Pitching: RHP Edgar Martínez
Batting: RHB Tim Robinson 0-0: Ball
1-0: Swinging Strike
1-1: Ball
2-1: Called Strike
2-2: SINGLE (Groundball, 56D)
Batting: RHB Noel Livingston 0-0: Called Strike
0-1: Ball
1-1: Swinging Strike
1-2: Strikes out swinging
Pinch Hitting: SHB Todd Hill 0-0: Called Strike
0-1: Ball
1-1: Ball
2-1: Ball
3-1: Swinging Strike
3-2: SINGLE (Line Drive, 9LS)
Tim Robinson to second
Runner from 2nd tries for 3rd, SAFE, throw made to third
Batting: RHB Carlos Ortega 0-0: Foul Ball, location: 2F
0-1: Called Strike
0-2: Foul Ball, location: 2F
0-2: Foul Ball, location: 2F
0-2: Fly out, F9 (Flyball, 89D)
Runner from 3rd tags up, SCORES, no throw
Pinch Hitting: RHB David Morales 0-0: Fly out, F9 (Flyball, 89XD)
Top of the 8th over - 1 run(s), 2 hit(s), 0 error(s), 1 left on base; New Amsterdam 1 - Phoenix 8
BOTTOM OF THE 8TH
Phoenix Hotspur batting - Pitching for New Amsterdam Republics : LHP Jeff Hale
Pitching: LHP Stanley Harris
Now in CF: David Morales
Batting: LHB Earl Ellis 0-0: Swinging Strike
0-1: Foul Ball, location: 2F
0-2: Ball
1-2: Foul Ball, location: 2F
1-2: Strikes out swinging
Batting: RHB Terry Armstrong 0-0: Ball
1-0: Ball
2-0: Ball
3-0: Called Strike
3-1: Foul Ball, location: 2F
3-2: Foul Ball, location: 2F
3-2: Strikes out swinging
Batting: LHB Mike Pace 0-0: Ground out 4-3 (Groundball, 34)
Bottom of the 8th over - 0 run(s), 0 hit(s), 0 error(s), 0 left on base; New Amsterdam 1 - Phoenix 8
TOP OF THE 9TH
New Amsterdam Republics batting - Pitching for Phoenix Hotspur : RHP Edgar Martínez
Batting: RHB Júlio Maldonado 0-0: Ball
1-0: Fly out, F9 (Flyball, 9S)
Batting: LHB Steve Ingram 0-0: Called Strike
0-1: SINGLE (Groundball, 4M)
Batting: RHB Takeru Sanu 0-0: Ball
1-0: Called Strike
1-1: Foul Ball, location: 2F
1-2: Fly out, F7 (Flyball, 7M)
Batting: RHB Hank Wilder 0-0: Foul Ball, location: 2F
0-1: Called Strike
0-2: Foul Ball, location: 2F
0-2: Foul Ball, location: 2F
0-2: Ball
1-2: Ball
2-2: Strikes out swinging
Top of the 9th over - 0 run(s), 1 hit(s), 0 error(s), 1 left on base; New Amsterdam 1 - Phoenix 8
This league is powered by Out of the Park Baseball, the baseball management simulation game for PC, Mac and Linux
Friday, October 23rd, 2015 - OOTP Baseball 16.9 Build 39